 Dungeon Crawl Stone Soup version 0.23-a0-607-g760965b (webtiles) character file.

247 MisterFreud the Chiller (level 5, 0/38 HPs)
             Began as a Draconian Ice Elementalist on Dec 20, 2018.
             Succumbed to a scorpion's poison
             ... on level 4 of the Dungeon.
             The game lasted 00:07:41 (3490 turns).

MisterFreud the Chiller (DrIE)                      Turns: 3490, Time: 00:07:42

Health: 0/38       AC:  5    Str:  9 (10) XL:     5   Next: 85%
Magic:  3/10       EV: 12    Int: 13 (16) God:
Gold:   185        SH:  0    Dex: 10 (12) Spells: 6/10 levels left

rFire    . . .     SeeInvis .   j - +0 dagger (elec)
rCold    . . .     Gourm    .   (no shield)
rNeg     . . .     Faith    .   (armour unavailable)
rPois    .         Spirit   .   (helmet restricted)
rElec    .         Reflect  .   s - scarf {repulsion}
rCorr    .         Harm     .   (no gloves)
MR       .....                  (no boots)
Stlth    ++........             (no amulet)
HPRegen  0.12/turn              (no ring)
MPRegen  0.12/turn              (no ring)

@: lethally poisoned (0 -> -12), repel missiles
A: unfitting armour, cold-blooded, AC +5
a: no special abilities


You were on level 4 of the Dungeon.
You were not hungry.

You visited 1 branch of the dungeon, and saw 4 of its levels.

You collected 185 gold pieces.

Inventory:

Hand Weapons
 d - a +0 short sword of venom
 j - a +0 dagger of electrocution (weapon)
Missiles
 c - 109 stones (quivered)
 f - 28 bolts
 g - 7 curare-tipped needles
 l - 7 exploding tomahawks
 t - 5 tomahawks
Armour
 s - a scarf of repulsion (worn)
Scrolls
 h - 2 scrolls of identify {unknown}
 i - 2 scrolls of noise {unknown}
 k - a scroll of blinking {unknown}
 p - 2 scrolls of remove curse {unknown}
 q - a scroll of immolation {unknown}
 r - 2 scrolls of teleportation {unknown}
 u - a scroll of magic mapping {unknown}
Potions
 e - a potion of might {unknown}
 m - a potion of degeneration
 n - a potion of curing {unknown}
 o - a potion of heal wounds {unknown}
Comestibles
 a - a chunk of flesh
 b - 8 rations


   Skills:
 - Level 1.7 Dodging
 - Level 1.7 Stealth
 + Level 3.3 Spellcasting
   Level 1.0 Conjurations
 + Level 2.5 Charms
 - Level 5.0 Ice Magic


You had 6 spell levels left.
You knew the following spells:

 Your Spells              Type           Power        Failure   Level  Hunger
a - Freeze                Ice            ###.         2%          1    #......
b - Ozocubu's Armour      Chrm/Ice       ##......     14%         3    ###....

Your spell library contained the following spells:

 Spells                   Type           Power        Failure   Level  Hunger
 Throw Frost              Conj/Ice       ##....       10%         2    ##.....
 Throw Icicle             Conj/Ice       ##......     54%         4    #####..
 Summon Ice Beast         Ice/Summ       #.......     61%         4    #####..


Dungeon Overview and Level Annotations

Branches:
Dungeon (4/15)
 Temple: D:4-7

Altars:
Ashenzari

Annotations:
D:3 3 runed doors, confidenceinterval's ghost, amateur GnWn


Innate Abilities, Weirdness & Mutations

Your plain brown scales are hard. (AC +5)
You cannot fit into any form of body armour.
You are cold-blooded and may be slowed by cold attacks.


Message History

The ooze is almost dead.
* * * LOW HITPOINT WARNING * * *
You feel sick. The ooze hits you.
* * * LOW HITPOINT WARNING * * *
Casting: Freeze (safe; 2% risk of failure)
Confirm with . or Enter, or press ? or * to list all spells.
Aiming: Freeze (safe; 2% risk of failure)
Press: ? - help, Shift-Dir - straight line, f/p - ooze
Aim: an ooze (almost dead)
You freeze the ooze.
You kill the ooze!
* * * LOW HITPOINT WARNING * * *
You feel sick.
A jackal comes into view.
It was a potion of degeneration.
There was something very wrong with that liquid.
You feel weakened.
You feel dopey.
You feel clumsy.
* * * LOW HITPOINT WARNING * * *
You feel sick.
You die...

. #######. ..... .
#......# ..... ..
#......###...<.
...#......#h......
..................
#........#.......
###..$....#.......
.......@.#.......#
###.####†#J......#
#..###.#........
.........s.......
.....%...........
.................
####+##+#.......)
#........
#........


You could see a jackal.

Vanquished Creatures
  A scorpion (D:4)
  A worker ant (D:4)
  6 adders
  2 oozes
  2 worms
  A dart slug (D:3)
  6 leopard geckos
  9 orcs (D:3)
  3 ball pythons
  3 giant cockroaches (D:1)
  10 goblins
  7 hobgoblins
  3 jackals
  A quokka (D:3)
  7 bats
  10 frilled lizards
  7 kobolds
  9 rats
88 creatures vanquished.

Notes
Turn   | Place    | Note
-------+----------+-------------------------------------------
     0 | D:1      | MisterFreud the Draconian Ice Elementalist began the quest
                  | for the Orb.
     0 | D:1      | Reached XP level 1. HP: 14/14 MP: 3/3
   241 | D:1      | Reached XP level 2. HP: 16/20 MP: 3/5
   634 | D:1      | Reached skill level 4 in Ice Magic
  1098 | D:1      | Reached XP level 3. HP: 26/26 MP: 2/6
  1840 | D:2      | Reached skill level 5 in Ice Magic
  1840 | D:2      | Reached XP level 4. HP: 33/33 MP: 2/7
  1845 | D:2      | Learned a level 3 spell: Ozocubu's Armour
  2306 | D:2      | Reached skill level 1 in Charms
  2453 | D:3      | Found a runed gate.
  2454 | D:3      | Found a runed gate.
  2458 | D:3      | Found a runed gate.
  2460 | D:3      | Noticed confidenceinterval's ghost (amateur GnWn)
  2856 | D:3      | Reached XP level 5. HP: 31/38 MP: 2/8
  2974 | D:3      | Found a shattered altar of Ashenzari.
  3489 | D:4      | HP: 1/38 [poisoned by a scorpion]
  3490 | D:4      | Succumbed to a scorpion's poison

Vault maps used:
D:1:      minmay_arrival_four_houses, kennysheep_minor_cross
D:2:      st_stairs_14
D:3:      evilmike_ruin_ashenzari, ebering_ghost_rock_garden
D:4:      nemelex_xobeh_ov_fountains_minmay, first_ration, grunt_gozag_statues

Skill      XL: |  1  2  3  4  5 |
---------------+----------------+-----
Ice Magic      | 4 5 |  5.0
Charms         | 1 2 |  2.5
Spellcasting   | 3 |  3.3
Dodging        | |  1.7
Stealth        | |  1.7
Conjurations   | |  1.0

Action                   |  1- 3 |  4- 6 || total
-------------------------+-------+-------++-------
Melee: Dagger            |    74 |   111 ||   185
       Tailslap          |     5 |     9 ||    14
       Unarmed           |     1 |       ||     1
 Cast: Freeze            |    45 |    29 ||    74
  Use: Potion            |       |     1 ||     1
 Stab: Sleeping          |     4 |     2 ||     6
  Eat: Chunk             |     4 |     5 ||     9
Armor: Skin              |    45 |    31 ||    76
Dodge: Dodged            |    70 |    80 ||   150

Table legend:
 A = Non-vault XP
 B = Vault XP
 C = Vault XP percentage of total XP
 D = Non-vault monster count
 E = Vault monster count
 F = Vault count percentage of total count
                 A         B        C        D         E       F
            +---------+---------+-------+---------+---------+-------
      Total |     351 |       2 |   0.6 |      87 |       1 |   1.1
            +---------+---------+-------+---------+---------+-------
        D:1 |      54 |       0 |   0.0 |      31 |       0 |   0.0
        D:2 |      94 |       2 |   2.1 |      24 |       1 |   4.0
        D:3 |      91 |       0 |   0.0 |      29 |       0 |   0.0
        D:4 |     112 |       0 |   0.0 |       3 |       0 |   0.0
            +---------+---------+-------+---------+---------+-------
